 Dungeon Crawl Stone Soup version 0.17-a0-2118-g63bad21 (webtiles) character file.

2522 4thArraOfDagon the Cleaver (level 9, -7/48 HPs)
             Began as a Vine Stalker Berserker on Oct 20, 2015.
             Was a Priest of Trog.
             Mangled by an orc knight
             ... wielding a +0 great sword
              (28 damage)
             ... on level 9 of the Dungeon.
             The game lasted 00:07:38 (1372 turns).

4thArraOfDagon the Cleaver (Vine Stalker Berserker) Turns: 1372, Time: 00:07:38

Health: -7/48      AC: 13    Str: 21    XL:     9   Next: 54%
Magic:  0/10       EV:  7    Int: 10    God:    Trog [***...]
Gold:   153        SH:  0    Dex: 13    Spells: 0 memorised, 8 levels left

rFire  . . .     SeeInvis .     r - +0 war axe
rCold  . . .     Clarity  .     o - +0 plate armour
rNeg   . . .     SustAt   .     (no shield)
rPois  .         Gourm    .     (no helmet)
rElec  .         Spirit   +     m - +0 cloak
rCorr  .         Warding  .     (no gloves)
rMut   +         Stasis   .     (no boots)
MR     +....                    f - amulet of resist mutation
Stlth  ..........               (no ring)
                                q - ring of flight

@: somewhat resistant to hostile enchantments, extremely unstealthy
A: fangs 3, regeneration 2, magic shield, antimagic bite, no device heal 3, rot
immunity
a: Berserk, Trog's Hand, Burn Spellbooks, Renounce Religion, Evoke Flight


You were on level 9 of the Dungeon.
You worshipped Trog.
Trog was most pleased with you.
You were hungry.

You visited 1 branch of the dungeon, and saw 9 of its levels.

You collected 153 gold pieces.

Inventory:

Hand Weapons
 r - a +0 war axe (weapon)
 u - a +0 scimitar of flaming
Armour
 m - a +0 cloak (worn)
 o - a +0 plate armour (worn)
Jewellery
 f - an amulet of resist mutation (around neck)
 q - a ring of flight (left hand)
Scrolls
 b - 2 scrolls of magic mapping
 v - a scroll of silence
Potions
 a - 2 potions of ambrosia {unknown}
 e - a potion of invisibility {unknown}
 g - a potion of mutation {unknown}
 i - 2 potions of curing {unknown}
 k - a potion of flight
 l - a potion of lignification {unknown}
 n - a potion of magic {unknown}
 p - a potion of poison {unknown}
 s - a potion of brilliance {unknown}
Comestibles
 c - 3 bread rations
 d - a meat ration
 h - 24 fruits
 j - 7 chunks of flesh


   Skills:
 + Level 6.3 Fighting
 * Level 8.8 Axes
 + Level 5.3 Armour
 - Level 1.5 Dodging


You had 8 spell levels left.
You didn't know any spells.

Dungeon Overview and Level Annotations

Branches:
Dungeon (9/15)             Temple (0/1) D:4
   Lair: D:8-11         Orc: D:9-12

Altars:
Elyvilon
Vehumet
The Shining One

Shops:
D:7 *   D:8 (

Annotations:
D:8 Joseph


Innate Abilities, Weirdness & Mutations

You have razor-sharp teeth.
You heal very quickly.
When hurt, damage is shared between your health and your magic reserves.
Your bite disrupts and absorbs the magic of your enemies.
Potions and wands cannot restore your health.
You are immune to rotting.


Message History

Identify which item? (\ to view known items) (? for menu, Esc to quit)
v - a scroll of silence The orc knight shouts!
You hear a shout!
Unknown command.
Drink which item? (? for menu, Esc to quit)
Okay, then.
Unknown command.
Unknown command.
You are feeling hungry.
The orc warlord roars a battlecry!
The orc knight goes into a battle-frenzy!
Unknown command.
Unknown command.
The orc warlord hits you with a battleaxe!!
Ouch! That really hurt!
Unknown command.
Unknown command.
The orc knight hits you with a great sword!!
Ouch! That really hurt!
You die...

#..........................
.............................
≈≈≈≈≈≈≈≈≈≈≈≈≈≈≈....≈≈≈≈≈≈≈≈≈≈≈
≈≈≈≈≈≈≈≈≈≈≈≈≈≈≈)...≈≈≈≈≈≈≈≈≈≈≈
###≈≈≈≈≈≈≈≈≈≈≈≈))))≈≈≈≈≈≈≈≈≈≈≈
#.............).............
#############''''###########
#.......#.)..#
#....)o@#....#..
#.....oo'....'...
#'############### #


You could see an orc warlord, an orc knight (frenzied) and an orc (frenzied).

Vanquished Creatures
  Erica (D:9)
  4 wargs (D:9)
  A water moccasin (D:9)
  An orc warrior (D:9)
  2 ice beasts
  A phantom (D:7)
  A crocodile (D:7)
  A centaur (D:5)
  A big kobold (D:9)
  A gnoll sergeant (D:4)
  2 giant frogs
  A water moccasin zombie (D:5)
  A crimson imp (D:5)
  A giant frog zombie (D:7)
  2 orc priests (D:9)
  An iguana (D:9)
  Ijyb (D:2)
  2 orc wizards (D:6)
  2 worker ants
  10 gnolls
  3 adders
  A worm (D:4)
  2 giant geckos
  18 orcs
  A giant cockroach (D:5)
  2 quokkas
  2 ball pythons (D:1)
  A bat (D:1)
  A giant newt (D:4)
  3 goblins
  2 kobolds
  A rat (D:1)
74 creatures vanquished.

Vanquished Creatures (others)
  A giant gecko (D:9)
1 creature vanquished.

Grand Total: 75 creatures vanquished

Notes
Turn   | Place    | Note
--------------------------------------------------------------
     0 | D:1      | 4thArraOfDagon the Vine Stalker Berserker began the quest for the Orb.
     0 | D:1      | Reached XP level 1. HP: 11/11 MP: 2/2
   163 | D:1      | Reached skill level 3 in Axes
   217 | D:2      | Reached XP level 2. HP: 16/16 MP: 3/3
   275 | D:2      | Found a radiant altar of Vehumet.
   275 | D:2      | Found a white marble altar of Elyvilon.
   275 | D:2      | Noticed Ijyb
   284 | D:2      | Killed Ijyb
   284 | D:2      | Reached XP level 3. HP: 20/20 MP: 4/4
   370 | D:4      | Noticed a gnoll sergeant
   390 | D:4      | Reached XP level 4. HP: 24/24 MP: 5/5
   394 | D:4      | Killed a gnoll sergeant
   394 | D:4      | Reached skill level 4 in Axes
   394 | D:4      | Reached XP level 5. HP: 28/28 MP: 6/6
   419 | D:4      | Found a staircase to the Ecumenical Temple.
   437 | D:4      | Reached ** piety under Trog
   473 | D:5      | Entered Level 5 of the Dungeon
   473 | D:5      | Noticed a centaur
   479 | D:5      | Killed a centaur
   479 | D:5      | Gained mutation: You heal very quickly. [Vine Stalker growth]
   479 | D:5      | Reached XP level 6. HP: 30/33 MP: 4/7
   481 | D:5      | Reached skill level 5 in Axes
   515 | D:5      | Noticed an ice beast
   535 | D:5      | Killed an ice beast
   535 | D:5      | Reached XP level 7. HP: 31/37 MP: 8/8
   783 | D:7      | Reached skill level 6 in Axes
   786 | D:7      | Found Rususaet's General Store.
   843 | D:8      | Found a glowing golden altar of the Shining One.
   862 | D:8      | Found Bink's Antique Weapon Boutique.
   951 | D:8      | Gained mutation: You have razor-sharp teeth. [Vine Stalker growth]
   951 | D:8      | Reached XP level 8. HP: 36/42 MP: 9/9
   980 | D:9      | Reached skill level 5 in Fighting
  1054 | D:9      | Reached skill level 7 in Axes
  1068 | D:8      | Noticed Erica
  1069 | D:8      | Noticed Joseph
  1069 | D:8      | :)
  1170 | D:9      | Reached XP level 9. HP: 38/48 MP: 10/10
  1237 | D:9      | Killed Erica
  1237 | D:9      | Reached skill level 8 in Axes
  1237 | D:9      | Reached skill level 5 in Armour
  1294 | D:9      | Reached *** piety under Trog
  1366 | D:9      | Noticed an orc warlord
  1368 | D:9      | Noticed an orc knight
  1372 | D:9      | Mangled by an orc knight

Vault maps used:
D:1:      dpeg_arrival_tiny_d, kennysheep_nondescript
D:2:      nicolae_overflow_hidden_temple, uniq_jessica, uniq_iyjb,
          uniq_crazy_yiuf_cottage, uniq_robin
D:3:      cheibrodos_ashenzari_chains
D:4:      kennysheep_goblin_castle, minmay_temple_entry_statues_pillars,
          first_bread, serial_shops,
          nicolae_shop_temple_entry_statues_fountains, grunt_ministairs_8,
          kennysheep_crisscross, lightli_minifort
D:5:      serial_shops, shop, uniq_blork_the_orc
D:6:      minmay_joined_circles, uniq_prince_ribbit1, uniq_edmund
D:7:      lemuel_ice_statue, serial_shops, kennysheep_mini_moat
D:8:      nicolae_overflow_crystal_walls, serial_shops, nicolae_shop_crystal,
          serial_bayou, serial_bayou_pond_a, serial_bayou_pond_c,
          serial_bayou_pond_a, serial_bayou_lagoon_a, uniq_erica, uniq_joseph
D:9:      lemuel_castle_with_subvaults, blue_anna_alchemist, minmay_nine_imps

Action                   |  1- 3 |  4- 6 |  7- 9 || total
-------------------------+-------+-------+-------++-------
Melee: Hand axe          |    30 |    27 |    26 ||    83
       War axe           |       |       |    76 ||    76
Invok: Berserk           |     2 |     2 |     8 ||    12
       Trog's Hand       |       |       |     3 ||     3
  Use: Scroll            |       |       |     6 ||     6
       Potion            |       |       |     1 ||     1
 Stab: Sleeping          |     1 |       |       ||     1
  Eat: Chunk             |       |     2 |    12 ||    14
